 Dungeon Crawl Stone Soup version 0.26-a0-964-g69f9a3b9e2 (webtiles) character file.

Game seed: 9871052696931774352

6202 streetpizza the Cleaver (level 11, -3/87 HPs)
             Began as a Formicid Fighter on Dec 2, 2020.
             Was an Elder of Okawaru.
             Slain by a wyvern (5 damage)
             ... on level 8 of the Dungeon.
             The game lasted 00:33:53 (10750 turns).

streetpizza the Cleaver (Formicid Fighter)         Turns: 10750, Time: 00:33:54

Health: -3/87      AC: 15    Str: 21    XL:     11   Next: 14%
Magic:  14/16      EV: 14    Int: 10    God:    Okawaru [****..]
Gold:   468        SH: 14    Dex: 14    Spells: 10/10 levels left

rFire    . . .     SeeInvis +   q - +0 battleaxe
rCold    . . .     Faith    .   c - +0 kite shield
rNeg     + . .     Spirit   .   d - +0 swamp dragon scales
rPois    +         Reflect  .   (helmet unavailable)
rElec    .         Harm     .   (no cloak)
rCorr    .         Rampage  .   G - +0 pair of gloves {Dex+3}
MR       +....                  (no boots)
Stlth    ++........             (no amulet)
HPRegen  0.24/turn              p - ring of positive energy
MPRegen  0.15/turn              D - +4 ring of protection

@: heroism
A: permanent stasis, dig shafts and tunnels, four strong arms, antennae 3
a: Dig, Shaft Self, Heroism, Renounce Religion


You were on level 8 of the Dungeon.
You worshipped Okawaru.
Okawaru was greatly pleased with you.
You visited 2 branches of the dungeon, and saw 9 of its levels.

You collected 468 gold pieces.

Inventory:

Hand Weapons
 a - a +0 war axe
 q - a +0 battleaxe (weapon)
Missiles
 g - 23 poisoned darts (quivered)
Armour
 b - a +0 scale mail
 c - a +0 kite shield (worn)
 d - +0 swamp dragon scales (worn)
 A - a +2 pair of gloves
 G - a +0 pair of gloves of dexterity (worn)
Jewellery
 p - a ring of positive energy (left hand)
 r - an uncursed amulet of magic regeneration
 D - a +4 ring of protection (right hand)
Wands
 f - a wand of flame (15)
 x - a wand of digging (15)
 F - a wand of iceblast (10)
Scrolls
 e - 8 scrolls of identify {unknown}
 h - 2 scrolls of remove curse
 j - 2 scrolls of noise {unknown}
 k - 4 scrolls of amnesia
 n - a scroll of fear {unknown}
 s - 2 scrolls of fog {unknown}
 w - 2 scrolls of immolation {unknown}
 y - 2 scrolls of magic mapping {unknown}
 B - a scroll of blinking {unknown}
 E - a scroll of random uselessness {unknown}
 H - 2 scrolls of enchant armour {unknown}
Potions
 i - a potion of ambrosia {unknown}
 l - a potion of berserk rage {unknown}
 o - 2 potions of resistance {unknown}
 t - a potion of lignification {unknown}
 u - a potion of flight {unknown}
 v - 2 potions of magic {unknown}
 z - a potion of invisibility {unknown}
 C - a potion of curing


   Skills:
 + Level 8.7(13.7) Fighting
 * Level 10.3(15.3) Axes
 - Level 5.8(10.8) Armour
 + Level 9.3(14.3) Shields
 + Level 6.7 Invocations


You had 10 spell levels left.
You didn't know any spells.
Your spell library contained the following spells:

 Spells                   Type           Power        Failure   Level
 Bolt of Magma            Conj/Fire/Erth #.........   100%        5
 Iskenderun's Battlesphe  Conj           #.......     100%        5
 Iron Shot                Conj/Erth      #.........   100%        6
 Orb of Destruction       Conj           #.........   100%        7
 Spellforged Servitor     Conj/Summ      #.........   100%        7


Dungeon Overview and Level Annotations

Branches:
Dungeon (8/15)             Temple (1/1) D:6
   Lair: D:8-11

Altars:
Ashenzari
Cheibriados
Dithmenos
Elyvilon
Fedhas
Gozag
Hepliaklqana
Kikubaaqudgha
Makhleb
Nemelex Xobeh
Okawaru
Qazlal
Ru
Sif Muna
Trog
Uskayaw
Vehumet
Wu Jian
Xom
Yredelemnul
Zin
The Shining One

Shops:
D:7 *[   D:8 [**::

Annotations:
D:6 Prince Ribbit
D:7 3 transporters, belegose's ghost, novice KoBr


Innate Abilities, Weirdness & Mutations

You cannot be hasted, slowed, berserked, paralysed or teleported.
You can dig through walls and to a lower floor.
Your four strong arms can wield two-handed weapons with a shield.
You have a pair of large antennae on your head. (SInv)


Message History

The wyvern bites you.
* * * LOW HITPOINT WARNING * * *
Unknown command.
You slash the wyvern!
The wyvern is severely wounded.
You block the wyvern's attack. The wyvern barely misses you.
Unknown command.
You closely miss the komodo dragon. You hit the wyvern.
The komodo dragon misses you. You block the wyvern's attack.
Unknown command.
You slash the komodo dragon!
The komodo dragon is moderately wounded.
You hit the wyvern but do no damage. You block the wyvern's attack.
The komodo dragon bites you but does no damage.
The wyvern bites you but does no damage.
Unknown command.
You slice the komodo dragon!!
The komodo dragon is severely wounded.
You barely miss the wyvern. The wyvern bites you.
You die...

......>...##...#
..............##
############### ##.
...# ### ##.....
..###### ######l......
##..##.#
###....@l......
#.....###.......†.#####
###..........##.#.#
#####.######..##.# ###
### ##


You could see a komodo dragon and a wyvern.

Vanquished Creatures
  Gastronok (D:8)
  Harold (D:7)
  Joseph (D:7)
  Maggie (D:7)
  A komodo dragon (D:8)
  Sigmund (D:5)
  A basilisk (D:8)
  A steam dragon (D:8)
  3 ice beasts
  2 sky beasts (D:8)
  2 orc warriors
  2 ogres
  2 centaurs
  5 bullfrogs
  A scorpion (D:6)
  4 wights (D:7)
  5 hounds
  2 jellies (D:7)
  3 orc priests
  A gnoll shaman (D:8)
  3 iguanas
  6 orc wizards
  5 worker ants
  A hound zombie (D:8)
  3 worker ant zombies
  A howler monkey zombie (D:5)
  8 adders
  14 gnolls
  7 shadow imps
  A white imp (D:5)
  2 ufetubi
  An adder skeleton (D:4)
  2 worms (D:2)
  2 dart slugs (D:1)
  3 leopard geckos
  31 orcs
  5 giant cockroaches
  16 goblins
  9 hobgoblins
  3 jackals (D:3)
  6 quokkas
  2 ball pythons
  3 bats
  6 frilled lizards
  A jackal zombie (D:6)
  13 kobolds
  A quokka skeleton (D:5)
  7 rats
202 creatures vanquished.

Vanquished Creatures (others)
  A plant (D:8)
1 creature vanquished.

Grand Total: 203 creatures vanquished

Notes
Turn   | Place    | Note
-------+----------+-------------------------------------------
     0 | D:1      | streetpizza the Formicid Fighter began the quest for the
                  | Orb.
     0 | D:1      | Reached XP level 1. HP: 18/18 MP: 1/1
   154 | D:1      | Reached XP level 2. HP: 24/24 MP: 2/2
   362 | D:1      | Reached XP level 3. HP: 30/30 MP: 3/3
   865 | D:2      | Found an opulent altar of Gozag.
   901 | D:2      | Reached XP level 4. HP: 15/37 MP: 4/4
  1269 | D:2      | Found a faded altar of an unknown god.
  1343 | D:2      | Reached skill level 3 in Axes
  1918 | D:3      | Reached XP level 5. HP: 42/42 MP: 5/5
  2132 | D:3      | Found a bloodstained altar of Trog.
  2465 | D:3      | Found a broken altar of Ashenzari.
  2477 | D:3      | Found an opulent altar of Gozag.
  2482 | D:3      | Found a glowing golden altar of the Shining One.
  2489 | D:3      | Found a shimmering altar of Xom.
  2518 | D:3      | Found a bloodstained altar of Trog.
  2528 | D:3      | Found a burning altar of Makhleb.
  2533 | D:3      | Found a hazy altar of Hepliaklqana.
  3190 | D:4      | Reached XP level 6. HP: 45/49 MP: 6/6
  3400 | D:4      | Reached skill level 4 in Axes
  4097 | D:5      | Entered Level 5 of the Dungeon
  4615 | D:5      | Reached XP level 7. HP: 39/55 MP: 7/7
  4878 | D:5      | Reached skill level 5 in Fighting
  4878 | D:5      | Reached skill level 5 in Shields
  5240 | D:5      | Noticed Sigmund
  5256 | D:5      | Reached skill level 5 in Axes
  5262 | D:5      | Killed Sigmund
  5263 | D:5      | Reached skill level 5 in Armour
  5554 | D:6      | Reached XP level 8. HP: 44/62 MP: 8/8
  6128 | D:6      | Reached skill level 6 in Axes
  6595 | D:6      | Found a staircase to the Ecumenical Temple.
  6604 | Temple   | Entered the Ecumenical Temple
  6724 | Temple   | Became a worshipper of Warmaster Okawaru
  6992 | D:7      | Noticed Prince Ribbit
  7639 | D:7      | Reached skill level 1 in Invocations
  7899 | D:7      | Found Bupow's Armour Shop.
  7908 | D:7      | Noticed a yak
  7943 | D:7      | Noticed Joseph
  7960 | D:7      | Killed Joseph
  7960 | D:7      | Reached * piety under Okawaru
  7961 | D:7      | Reached skill level 7 in Axes
  7961 | D:7      | Reached XP level 9. HP: 39/71 MP: 8/10
  8342 | D:7      | Found a transporter.
  8551 | D:7      | Noticed Harold
  8574 | D:7      | Killed Harold
  8574 | D:7      | Reached ** piety under Okawaru
  8575 | D:7      | Reached skill level 8 in Axes
  8575 | D:7      | Reached XP level 10. HP: 13/79 MP: 11/13
  8875 | D:7      | Found Bizopsui's General Store.
  8905 | D:7      | Found a transporter.
  8906 | D:7      | Noticed belegose's ghost (novice KoBr)
  8946 | D:7      | Noticed Maggie
  8954 | D:7      | Found a transporter.
  8977 | D:7      | Killed Maggie
  8977 | D:7      | Reached *** piety under Okawaru
  9247 | D:7      | Found Guju Ann's Weapon Boutique.
  9549 | D:7      | Noticed a fire dragon
  9589 | D:8      | Found Yrool's Book Shop.
  9591 | D:8      | Found Dojomp's Assorted Antiques.
  9720 | D:8      | Reached skill level 9 in Axes
  9733 | D:8      | Reached skill level 5 in Invocations
 10050 | D:8      | Found Ehiohut's General Store.
 10244 | D:8      | Found Wosomuyc's Book Shop.
 10295 | D:8      | Noticed Gastronok
 10307 | D:8      | HP: 2/80 [Gastronok (32)]
 10322 | D:8      | Killed Gastronok
 10322 | D:8      | Reached **** piety under Okawaru
 10323 | D:8      | Reached skill level 10 in Axes
 10323 | D:8      | Reached XP level 11. HP: 33/87 MP: 15/15
 10576 | D:8      | Found Ovoamn's Antique Armour Boutique.
 10746 | D:8      | HP: 1/87 [wyvern (5)]
 10750 | D:8      | Slain by a wyvern

Illustrated notes

Levels and vault maps discovered:
D:1:      shiori_shiawase, layout_loops_ring
D:2:      layout_basic, chequers_ecumenical_altar_twisty,
          nicolae_gozag_seed_capital
D:3:      layout_loops_cross, grunt_temple_overflow_octagram, trog_hazing_becter
D:4:      layout_loops_corners
D:5:      layout_cave_pods, uniq_sigmund
D:6:      layout_cave_pods, minmay_temple_entry_glassed_door,
          minmay_misc_feat_nine_boxes
D:7:      gammafunk_the_bubble [the_bubble_gammafunk_crates], layout_layer_cave,
          enter_bailey_5, serial_shops, nicolae_shop_stone, nicolae_shop_stone,
          shop, gammafunk_ghost_arena, uniq_prince_ribbit1, uniq_joseph,
          uniq_maggie, uniq_harold
D:8:      layout_cave_pools, erik_lair_dragon, serial_shops,
          nicolae_shop_temple_entry_statues_fountains, shop, shop,
          nicolae_shop_overgrown_old_shop, shop_fountains,
          minmay_misc_feat_rugged, kennysheep_donut, minmay_misc_feat_alley,
          uniq_gastronok
Temple:   regret_index_temple_waves

Skill      XL: |  1  2  3  4  5  6  7  8  9 10 |
---------------+-------------------------------+-----
Fighting       | 4 5 6 7 8 |  8.7
Shields        | 4 5 6 7 9 |  9.3
Axes           | 3 4 5 7 8 10 | 10.3
Armour         | 4 5 |  5.8
Invocations    | 2 4 6 |  6.7

Action                   |  1- 3 |  4- 6 |  7- 9 | 10-12 || total
-------------------------+-------+-------+-------+-------++-------
Melee: War axe           |    85 |   112 |       |       ||   197
       Battleaxe         |       |   125 |   262 |   174 ||   561
Throw: Dart              |       |     2 |    10 |     3 ||    15
Invok: Heroism           |       |       |       |     4 ||     4
 Abil: Dig               |       |       |     2 |     1 ||     3
  Use: Potion            |     1 |     1 |     1 |     2 ||     5
       Scroll            |       |       |       |     3 ||     3
Armor: Scale mail        |    33 |   109 |   130 |    18 ||   290
       Swamp dragon scal |       |       |       |    38 ||    38
Dodge: Dodged            |    27 |   107 |   108 |    61 ||   303
Block: Kite shield       |    48 |   147 |   172 |   111 ||   478

Table legend: (Time is in decaauts)
 A = Elapsed time spent in this place.
 B = Non-inter-level travel time spent in this place.
 C = Inter-level travel time spent in this place.
 D = Time resting spent in this place.
 E = Time spent auto-exploring this place.
 F = Levels seen in this place.
 G = Mean time per level.
                   A        B        C        D        E       F      G
               +--------+--------+--------+--------+--------+-----+--------+
         Total |  11058 |  10757 |    301 |    458 |   8187 |   9 | 1228.7 |
       Dungeon |  10918 |  10642 |    276 |    458 |   8075 |   8 | 1364.8 |
        Temple |    140 |    115 |     25 |      0 |    112 |   1 |  140.0 |
               +--------+--------+--------+--------+--------+-----+--------+

Top non-repeatable levels by time:
     D:7: 2044 daAuts
     D:5: 1777 daAuts
     D:6: 1681 daAuts
     D:2: 1206 daAuts
     D:8: 1185 daAuts
     D:4: 1158 daAuts
     D:3: 1096 daAuts
     D:1: 769 daAuts
  Temple: 140 daAuts
